Map: King Sejong Station LE

Players

Atious

  • Race: Terran Terran
  • League: Bronze
  • Spawn Location: 5:00

Fropez - Winner!

  • Race: Protoss Protoss
  • League: Gold
  • Spawn Location: 11:00

VOD

Have the link to the VOD?

Description

Time

  • Played on: Oct. 8, 2016, 11:03 p.m.
  • Length: 9:59
Show
View Real Time Build Order
Export as new Build Order

Atious Terran 

Build Orders:  

Get SALT Encoding   

  12  0:01  SCV  
  13  0:14  SCV  
  14  0:18  Supply Depot  
  14  0:26  SCV  
  15  0:39  SCV  
  15  0:41  Barracks  
  16  0:52  SCV  
  16  0:53  Supply Depot  
  17  1:03  Refinery  
  17  1:04  SCV  
  18  1:16  SCV  
  19  1:25  Barracks  
  19  1:28  SCV  
  20  1:39  Marine  
  21  1:40  SCV  
  22  1:50  Refinery  
  22  1:52  SCV  
  23  1:57  Barracks Tech Lab  
  23  2:10  Orbital Command  
  23  2:16  Barracks Reactor  
  23  2:23  Command Center  
  23  2:27  Marauder  
  25  2:31  Concussive Shells  
  25  2:38  SCV  
  26  2:45  Supply Depot  
  26  2:50  SCV  
  27  3:10  SCV  
  27  3:11  Marine x2  
  29  3:14  Marauder  
  29  3:19  Engineering Bay  
  31  3:22  SCV  
  32  3:29  Marine x2  
  34  3:34  SCV  
  35  3:46  SCV  
  35  3:48  Terran Infantry Weapons Level 1  
  36  3:51  Combat Shields  
  36  3:57  Factory  
  36  3:58  Marine x2, SCV  
  30  4:21  Missile Turret  
  30  4:28  SCV  
  31  4:34  Marauder  
  31  4:35  Missile Turret  
  33  4:40  SCV  
  33  4:41  Missile Turret  
  34  4:58  Missile Turret  
  33  5:13  Refinery  
  33  5:17  Missile Turret  
  33  5:24  SCV  
  34  5:36  Factory Tech Lab, SCV  
  34  5:37  Barracks  
  35  5:48  SCV  
  36  5:59  SCV  
  36  6:01  SCV  
  36  6:02  Siege Tank  
  41  6:06  Marine x3  
  45  6:11  SCV  
  45  6:13  SCV  
  46  6:24  Marine x3  
  46  6:25  SCV  
  50  6:36  Siege Tank  
  50  6:37  SCV  
  54  6:42  Factory  
  54  6:43  Barracks Reactor  
  54  6:46  Supply Depot  
  54  6:53  Marine x2, SCV  
  57  6:55  Supply Depot  
  57  7:05  SCV  
  58  7:10  Marine x2  
  49  7:45  Missile Turret  
  49  7:49  Missile Turret  
  49  7:54  Missile Turret  
  39  8:23  Marine x2, Marauder  
  39  8:26  Siege Tank  
  45  8:32  Missile Turret  
  45  8:40  Widow Mine  
  47  8:41  Marine x2  
  47  8:44  Marine  
  47  8:45  SCV  
  43  8:59  Marine  
  44  9:05  Missile Turret  
  44  9:19  SCV  
Show
View Real Time Build Order
Export as new Build Order

Fropez Protoss - Winner!

Build Orders: Oracle Opening 

Get SALT Encoding   

  12  0:02  Probe (Chrono Boost)  
  13  0:17  Pylon  
  13  0:19  Probe (Chrono Boost)  
  14  0:30  Probe (Chrono Boost)  
  14  0:35  Assimilator  
  15  0:40  Probe (Chrono Boost)  
  16  0:45  Gateway  
  16  0:51  Probe (Chrono Boost)  
  17  1:00  Pylon  
  17  1:01  Probe (Chrono Boost)  
  18  1:12  Probe (Chrono Boost)  
  19  1:18  Assimilator  
  19  1:22  Probe (Chrono Boost)  
  20  1:27  Pylon  
  20  1:33  Probe (Chrono Boost)  
  20  1:34  Cybernetics Core  
  21  1:44  Probe (Chrono Boost)  
  22  1:54  Probe (Chrono Boost)  
  22  2:00  Pylon  
  23  2:05  Probe (Chrono Boost)  
  24  2:12  Stargate  
  24  2:15  Probe (Chrono Boost)  
  24  2:17  Warp Gate (Chrono Boost)  
  25  2:26  Adept  
  25  2:28  Probe  
  28  2:42  Gateway  
  28  2:43  Probe  
  29  2:44  Gateway  
  29  3:01  Pylon  
  32  3:20  Oracle (Chrono Boost)  
  31  3:31  Nexus, Probe  
  32  3:43  Probe, Robotics Facility  
  33  3:51  Oracle (Chrono Boost)  
  36  3:56  Mothership Core  
  38  4:20  Probe  
  39  4:24  Pylon  
  39  4:27  Pylon  
  39  4:41  Warp Prism  
  39  4:42  Probe, Oracle (Chrono Boost)  
  45  5:13  Oracle (Chrono Boost)  
  49  5:36  Immortal (Chrono Boost)  
  49  5:37  Gateway  
  49  5:39  Gateway  
  49  5:41  Adept x3  
  58  5:47  Assimilator, Probe, Gateway  
  59  5:51  Assimilator  
  59  6:02  Pylon  
  59  6:04  Pylon  
  59  6:09  Pylon  
  59  6:10  Oracle  
  66  6:11  Immortal (Chrono Boost)  
  66  6:35  Twilight Council  
  66  6:39  Probe  
  67  6:53  Robotics Facility  
  67  6:57  Adept x5  
  61  7:51  Adept x5  
  65  7:54  Nexus  
  65  7:57  Assimilator  
  71  8:02  Assimilator  
  71  8:05  Probe  
  71  8:07  Probe  
  71  8:11  Immortal (Chrono Boost)  
  71  8:21  Immortal (Chrono Boost)  
  71  9:11  Adept  
  71  9:12  Adept x4  
  81  9:24  Probe  
  81  9:25  Probe x2  
  84  9:34  Probe  
  84  9:37  Probe  
  86  9:40  Adept x4  
  86  9:41  Adept  
Tags
 
Add a new tag
Caveats
  • Supply blocks, unpowered buildings, or Contaminate may cause inaccurate times.
  • Supply counts are checked every 10 seconds.